 Dungeon Crawl Stone Soup version 0.17.0-25-gefc9c12 (webtiles) character file.

100 shklvsk the Vexing (level 4, -3/30 HPs)
             Began as a Mummy Wanderer on Nov 18, 2015.
             Slain by a scorpion (7 damage)
             ... on level 3 of the Dungeon.
             The game lasted 00:13:16 (4317 turns).

shklvsk the Vexing (Mummy Wanderer)                 Turns: 4317, Time: 00:13:16

Health: -3/30      AC:  3    Str: 14    XL:     4   Next: 46%
Magic:  1/7        EV: 11    Int: 11    God:
Gold:   152        SH:  0    Dex: 13    Spells: 3 memorised, 3 levels left

rFire  x . .     SeeInvis .     a - +2 dagger
rCold  + . .     Clarity  .     e - +0 robe
rNeg   + + +     SustAt   .     (no shield)
rPois  ∞         Gourm    .     (no helmet)
rElec  .         Spirit   .     (no cloak)
rCorr  .         Warding  .     (no gloves)
rMut   .         Stasis   .     h - +0 pair of boots
MR     .....                    (no amulet)
Stlth  ++........               (no ring)
                                (no ring)

@: very slightly contaminated, repel missiles, not resistant to hostile
enchantments, unstealthy
A: no food or potions, fire vulnerability, cold resistance 1, negative energy
resistance 3, torment resistance, unbreathing
a: no special abilities


You were on level 3 of the Dungeon.
You were not hungry.

You visited 1 branch of the dungeon, and saw 3 of its levels.

You collected 152 gold pieces.

Inventory:

Hand Weapons
 a - a +2 dagger (weapon)
 i - a +2 mace of draining
   (You found it on level 2 of the Dungeon)
Missiles
 j - 46 stones (quivered)
Armour
 e - a +0 robe (worn)
 h - a +0 pair of boots (worn)
   (You found it on level 1 of the Dungeon)
Scrolls
 b - a scroll of fear
 f - a scroll of blinking {unknown}
 g - a scroll of recharging {unknown}
 k - a scroll of noise {unknown}
 l - 3 scrolls of immolation {unknown}
Books
 c - the Volume of Flight

   Spells                             Type                      Level
   a - Shock                          Conjuration/Air              1
   b - Repel Missiles                 Charms/Air                   2
 d - Lutuqass's Papyrus of Stones

   Spells                             Type                      Level
   a - Sandblast                      Earth                        1
   b - Stoneskin                      Transmutation/Earth          2


   Skills:
 + Level 1.4 Short Blades
 - Level 1.0 Throwing
 - Level 2.4 Armour
 * Level 2.6 Stealth
 - Level 2.0 Spellcasting
 * Level 1.7 Conjurations
   Level 2.6 Hexes


You had 3 spell levels left.
You knew the following spells:

 Your Spells              Type           Power        Failure   Level  Hunger
a - Shock                 Conj/Air       #...         24%         1    N/A
b - Sandblast             Erth           #.....       30%         1    N/A
d - Repel Missiles        Chrm/Air       #.....       43%         2    N/A

Dungeon Overview and Level Annotations

Branches:
Dungeon (3/15)

Altars:
Fedhas
Qazlal
The Shining One


Innate Abilities, Weirdness & Mutations

You do not eat or drink.
Your flesh is vulnerable to fire.
You are immune to poison.
Your flesh is cold resistant.
You are immune to negative energy.
You are immune to unholy pain and torment.
You can survive without breathing.


Message History

You closely miss the orc. You hit the orc. The orc closely misses you.
You closely miss the orc. The orc barely misses you.
You hit the orc but do no damage. The orc hits you with a flail.
You take 3 damage, and have 26/30 hp.
You hit the orc but do no damage. The orc misses you.
You completely miss the orc. You hit the orc. The orc barely misses you.
You hit the orc.
You kill the orc!
Things that are here:
a flail; a ring mail You hit the giant gecko.
You kill the giant gecko!
No target in view!
No target in view!
No target in view!
You start resting.
Health restored: 30 You now have 137 gold pieces (gained 13).
The helpless kobold fails to defend itself.
You puncture the kobold!
You kill the kobold!
No target in view!
No target in view!
No target in view!
l - 3 scrolls labeled YCEUDEI KIAR You now have 145 gold pieces (gained 8).
Things that are here:
a club; a goblin corpse You now have 152 gold pieces (gained 7).
You see here 14 sling bullets.
A kobold comes into view. It is wielding a dagger.
The kobold shouts!
The kobold throws a stone.
The stone hits you but does no damage.
You see here a stone.
You barely miss the kobold. The kobold closely misses you.
You barely miss the kobold. The kobold hits you but does no damage.
You closely miss the kobold. The kobold barely misses you.
You barely miss the kobold. The kobold hits you with a dagger.
You take 3 damage, and have 27/30 hp.
You hit the kobold but do no damage. The kobold closely misses you.
You hit the kobold.
You kill the kobold!
No target in view!
No target in view!
No target in view!
j - 46 stones (gained 1)
A rat comes into view.
Found a stone staircase leading down.
The rat bites you but does no damage.
You hit the rat.
You kill the rat!
No target in view!
No target in view!
No target in view!
A scorpion comes into view.
Casting: Repel Missiles The zap misses the scorpion.
The zap hits the scorpion.
The scorpion barely misses you.
Health restored: 30 You now have 6/7 mp.
The zap hits the scorpion. x2
The scorpion appears unharmed.
The scorpion stings you.
You take 3 damage, and have 27/30 hp.
You now have 5/7 mp.
Aim: a scorpion (moderately wounded)
The zap misses the scorpion.
The scorpion stings you.
You take 3 damage, and have 24/30 hp.
You now have 4/7 mp.
Aim: a scorpion (moderately wounded)
The zap hits the scorpion.
The scorpion appears unharmed.
The scorpion stings you.
You take 3 damage, and have 21/30 hp.
You now have 3/7 mp.
Aim: a scorpion (lightly wounded)
The zap hits the scorpion.
The scorpion stings you but does no damage.
You now have 2/7 mp.
Aim: a scorpion (moderately wounded)
You miscast Shock.
You are very lightly contaminated with residual magic.
You feel electric! The scorpion stings you.
You take 3 damage, and have 18/30 hp.
You now have 1/7 mp.
Aim: a scorpion (moderately wounded)
You miscast Shock.
Nothing appears to happen.
The scorpion barely misses you.
You now have 0/7 mp.
You barely miss the scorpion. The scorpion stings you.
You take 6 damage, and have 12/30 hp.
You closely miss the scorpion. The scorpion barely misses you.
You hit the scorpion but do no damage. The scorpion stings you.
You take 2 damage, and have 10/30 hp.
You hit the scorpion. The scorpion misses you.
You barely miss the scorpion. You closely miss the scorpion.
The scorpion stings you.
* * * LOW HITPOINT WARNING * * *
You take 5 damage, and have 6/30 hp.
You hit the scorpion. The scorpion stings you.
* * * LOW HITPOINT WARNING * * *
You take 2 damage, and have 4/30 hp.
You hit the scorpion. The scorpion stings you!
You die...

##.## #
#.# #.#
#.# ##
#.# ..
#.# .#
#.# .#
#.#####s#
#.....@.#
#########


You could see a scorpion.

Vanquished Creatures
  4 adders
  2 worms (D:2)
  An orc (D:3)
  A ball python (D:2)
  3 giant cockroaches (D:1)
  9 hobgoblins
  5 kobolds
  2 quokkas (D:2)
  6 bats
  3 giant geckos
  4 giant newts (D:1)
  4 goblins
  7 jackals
  4 rats
55 creatures vanquished.

Notes
Turn   | Place    | Note
--------------------------------------------------------------
     0 | D:1      | shklvsk the Mummy Wanderer began the quest for the Orb.
     0 | D:1      | shklvsk set off with: a +2 dagger, a scroll of fear, the Volume of Flight, Lutuqass's Papyrus of Stones, a +0 robe
     0 | D:1      | Reached XP level 1. HP: 13/13 MP: 3/3
    52 | D:1      | Identified the Volume of Flight
    52 | D:1      | Identified Lutuqass's Papyrus of Stones
    54 | D:1      | Learned a level 1 spell: Shock
    56 | D:1      | Learned a level 1 spell: Sandblast
   580 | D:1      | Reached XP level 2. HP: 19/19 MP: 3/5
  1088 | D:1      | Learned a level 2 spell: Repel Missiles
  1392 | D:2      | Reached skill level 1 in Short Blades
  1522 | D:2      | Reached skill level 2 in Stealth
  1522 | D:2      | Reached skill level 1 in Conjurations
  1522 | D:2      | Reached XP level 3. HP: 17/24 MP: 0/6
  2003 | D:2      | HP: 4/24 [goblin (4)]
  2920 | D:2      | Reached XP level 4. HP: 30/30 MP: 5/7
  3077 | D:2      | Found a glowing golden altar of the Shining One.
  3502 | D:2      | Found a stormy altar of Qazlal.
  3505 | D:2      | Found a blossoming altar of Fedhas.
  4315 | D:3      | HP: 6/30 [scorpion (5)]
  4317 | D:3      | Slain by a scorpion

Action                   |  1- 3 |  4- 6 || total
-------------------------+-------+-------++-------
Melee: Dagger            |   159 |    71 ||   230
 Cast: Shock             |    39 |    31 ||    70
       Repel Missiles    |     1 |     1 ||     2
 Stab: Sleeping          |     2 |     4 ||     6
       Distracted        |     2 |       ||     2

Vault maps used:
D:1:      dpeg_arrival_solitude, minmay_misc_feat_nine_boxes
D:2:      grunt_temple_overflow_forces_of_nature, marbit_many_paths,
          kennysheep_boxes
D:3:      first_bread, uniq_crazy_yiuf_cottage, uniq_jessica

Table legend:
 A = Turns spent in this place as a percentage of turns spent in the entire game.
 B = Non-inter-level travel turns spent in this place as a percentage of non-inter-level travel turns spent in the entire game.
 C = Inter-level travel turns spent in this place as a percentage of turns spent in this place.
 D = Turns resting spent in this place as a percentage of non-inter-level travel turns spent in this place.
 E = Turns spent auto-exploring this place as a percentage of non-inter-level travel turns spent in this place.
 F = Non-inter-level travel turns spent in this place divided by the number of levels of this place that you've seen.
                   A       B       C       D       E      F
               +-------+-------+-------+-------+-------+----------------------
         Total | 100.0 | 100.0 |   0.4 |   8.4 |   6.2 | 325.3
       Dungeon | 100.0 | 100.0 |   0.4 |   8.4 |   6.2 | 325.3
               +-------+-------+-------+-------+-------+----------------------

Table legend:
 A = Kills in this place as a percentage of kills in entire the game.
 B = Kills by you in this place as a percentage of kills by you in the entire game.
 C = Kills by friends in this place as a percentage of kills by friends in the entire game.
 D = Other kills in this place as a percentage of other kills in the entire game.
 E = Experience gained in this place as a percentage of experience gained in the entire game.
 F = Experience gained in this place divided by the number of levels of this place that you have seen.
                   A       B       C       D       E      F
               +-------+-------+-------+-------+-------+----------------------
         Total | 100.0 | 100.0 |  -nan |  -nan | 100.0 |  47.7
       Dungeon | 100.0 | 100.0 |  -nan |  -nan | 100.0 |  47.7
               +-------+-------+-------+-------+-------+----------------------
